Cogmind - Beta 15 @@@ ROGUE MODE // 2025.06.26 @ 20:19:33 Player: Cracklepappy Result: Destroyed by D-53 Grenadier with Mini Grenade Launcher Performance ------------- Evolutions (0) 0 Regions Visited (2) 400 Robots Destroyed (39) 195 Value Destroyed (695) 695 Prototype IDs (2) 40 Alien Tech Used (0) 0 Bonus (0) 0 TOTAL SCORE: 1330 Bonus ------- None Cogmind --------- Core Integrity 0/250 Matter 236/300 Energy 125/125 System Corruption 0% Temperature Cool (0) Movement Treading (320) Ox2 Location -10/Mines Parts ------- > --- POWER (1) -------- Light Ion Engine > --- PROPULSION (2) --- Light Treads Light Treads > --- UTILITY (2) ------ Huge Storage Unit Light Armor Plating > --- WEAPON (2) ------- Beam Cannon Beam Cannon > --- INVENTORY (25) --- Light Ion Engine Light Treads Light Treads Aluminum Leg Aluminum Leg Compact Wheel Compact Wheel Heat Sink Large Matter Pod (150) Visual Processing Unit Seismic Detector Seismic Detector Core Shielding Core Shielding Core Shielding Tractor Beam Medium Laser Beam Cannon Light Assault Rifle Light Assault Rifle Light Assault Rifle Grenade Launcher Rocket Launcher Datajack Mining Laser Peak State ------------ > --- POWER ------------ Light Ion Engine > --- PROPULSION ------- Light Treads Light Treads > --- UTILITY ---------- Huge Storage Unit Light Armor Plating > --- WEAPON ----------- Beam Cannon Rocket Launcher > --- INVENTORY -------- Light Ion Engine Light Treads Light Treads Aluminum Leg Aluminum Leg Compact Wheel Compact Wheel Heat Sink Large Matter Pod Visual Processing Unit Seismic Detector Seismic Detector Core Shielding Core Shielding Core Shielding Tractor Beam Medium Laser Beam Cannon Beam Cannon Light Assault Rifle Light Assault Rifle Light Assault Rifle Grenade Launcher Datajack Mining Laser [Rating: 10] Favorites ----------- Power Light Ion Engine Engine Light Ion Engine Propulsion Light Treads Treads Light Treads Leg Aluminum Leg Wheel Compact Wheel Utility Huge Storage Unit Device Seismic Detector Storage Huge Storage Unit Protection Core Shielding Weapon Beam Cannon Energy Gun Small Laser Energy Cannon Beam Cannon Ballistic Gun Assault Rifle Ballistic Cannon Light Cannon Launcher Grenade Launcher Special Weapon Mining Laser Build | -11 -10 -10 ------- Run | Yrd Mat Min Slots Evolved . | . . . Power . | . . . Propulsion . | . . . Utility . | . . . Weapon . | . . . Parts Attached 31 | 7 21 3 Power 5 | 1 3 1 Engine 5 | 1 3 1 Core . | . . . Reactor . | . . . Propulsion 6 | 2 4 . Treads 4 | 2 2 . Leg 1 | . 1 . Wheel 1 | . 1 . Hover . | . . . Flight . | . . . Utility 9 | 2 7 . Device 3 | 1 2 . Storage 2 | 1 1 . Processor . | . . . Hackware . | . . . Protection 4 | . 4 . Artifact . | . . . Weapon 11 | 2 7 2 Energy Gun 3 | 1 2 . Energy Cannon 2 | . 2 . Ballistic Gun 2 | 1 1 . Ballistic Cannon 1 | . 1 . Launcher 2 | . . 2 Special Weapon 1 | . 1 . Impact Weapon . | . . . Slashing Weapon . | . . . Piercing Weapon . | . . . Special Melee Weapon . | . . . Unidentified Prototypes . | . . . Parts Lost 5 | . 5 . Power 1 | . 1 . Propulsion 2 | . 2 . Utility 1 | . 1 . Weapon 1 | . 1 . Highest Loss Streak 2 | . 2 . To Critical Strikes . | . . . Average Backups 18 | 6 18 25 Power . | . . 1 Propulsion 4 | 3 4 6 Utility 7 | . 7 9 Weapon 5 | 1 6 7 Tool/Special . | . . . Unused Backups 25 | 2 8 15 Power 1 | . . 1 Propulsion 9 | . 4 5 Utility 9 | 1 3 5 Weapon 5 | 1 1 3 Tool/Special 1 | . . 1 Average Slot Usage (%) 99 | . 99 100 Engine 13 | . 13 14 Treads 26 | . 26 28 Wheel 1 | . 1 . Device 2 | . 3 . Storage 14 | . 14 14 Protection 11 | . 10 14 Energy Gun 8 | . 10 . Energy Cannon 16 | . 13 27 Ballistic Cannon 1 | . 1 . Peak Build Rating 10 | 7 9 10 Average Rating 8 | 5 8 9 On Entrance 5 | . 7 9 Naked Turns . | . . . Heaviest Build 94 | 12 94 94 Greatest Support 40 | 40 40 40 Greatest Overweight (x) 5 | . 5 2 Average Overweight (x) 1 | . 1 2 Largest Inventory Capacity 25 | 8 25 25 Average Capacity 21 | 7 22 25 Most Carried 25 | 8 25 25 Average Carried 19 | 6 19 24 Final Capacity 25 | 8 25 25 Final Carried 25 | 8 25 25 Class Distribution -------------------- 100% | Mutant Dominant Class ---------------- Mutant | -10/Materials Mutant | -10/Mines Resources | -11 -10 -10 ----------- Run | Yrd Mat Min Matter Collected 953 | 305 621 27 Remotely . | . . . Salvage Created 992 | 198 715 79 Parts 67 | 17 39 11 Haulers Intercepted 2 | . 2 . Recyclers Shooed 1 | . 1 . Parts Field Recycled . | . . . Retrieved Matter . | . . . Parts Self-Destructed . | . . . Prevented . | . . . Kills | -11 -10 -10 ------- Run | Yrd Mat Min Combat Hostiles Destroyed 27 | . 18 9 Guns 12 | . 12 . Cannons 10 | . 6 4 AOE 5 | . . 5 Classes Destroyed 8 | 2 6 . Worker 1 | . 1 . Tunneler 6 | 6 . . Hauler 2 | . 2 . Recycler 2 | 1 1 . Watcher 1 | . 1 . Swarmer 15 | . 6 9 Grunt 11 | . 11 . Subdweller 1 | . 1 . Best Kill Streak 5 | 4 5 3 Combat Bots Only 5 | . 5 3 Max Kills in Single Turn 2 | 1 1 2 Gunslinging . | . . . Exploded 2 | . . 2 Melee . | . . . Uniques/NPCs Destroyed . | . . . Combat | -11 -10 -10 -------- Run | Yrd Mat Min Hostile Shots Fired 155 | . 121 34 Missed 23 | . 20 3 Hits 132 | . 101 31 Projectile 132 | . 101 31 AOE 2 | . . 2 Damage Taken 1402 | . 1048 354 Core 271 | . 170 101 Absorbed by Shields . | . . . Redirected to Shielding 19 | . 19 . Regen/Repaired (Parts) 110 | . 110 . Core Remaining (%) 100 | 100 . . Volleys Fired 113 | 15 86 12 Largest 2 | 2 2 2 Hottest 120 | 60 120 120 Shots Fired 210 | 30 160 20 Gun 146 | 30 116 . Cannon 59 | . 43 16 Launcher 4 | . . 4 Special 1 | . 1 . Kinetic 64 | 15 49 . Thermal 142 | 15 111 16 Explosive 4 | . . 4 Electromagnetic . | . . . Robot Hit Streak 7 | 6 7 1 Robot Miss Streak 7 | 2 7 2 Penetration Max . | . . . Secondary Targets 1 | . 1 . Max Gunslinging Chain 1 | . 1 . Shots Hit Robots 110 | 18 86 6 Core Hits 48 | 8 32 8 Critical Kills . | . . . Critical Parts Destroyed . | . . . Critical Strikes 1 | . 1 . Blast 1 | . 1 . Melee Attacks . | . . . Impact . | . . . Slashing . | . . . Piercing . | . . . Sneak Attacks . | . . . Combat Hostiles . | . . . Follow-up Attacks . | . . . Damage Inflicted 1710 | 211 1170 329 Guns 952 | 211 741 . Cannons 506 | . 417 89 Explosions 227 | . . 227 Melee . | . . . Ramming 25 | . 12 13 Kinetic 542 | 136 406 . Thermal 916 | 75 752 89 Explosive 227 | . . 227 Electromagnetic . | . . . Impact . | . . . Slashing . | . . . Piercing . | . . . Highest Corruption . | . . . Average Corruption . | . . . Corruption Purged . | . . . Corruption Blocked . | . . . Overload Shots . | . . . Overflow Damage 23 | . 15 8 Projectiles 15 | . 15 . Explosions 8 | . . 8 Melee . | . . . Knockbacks 5 | . 5 . Impact . | . . . Kinetic 3 | . 3 . Secondary 2 | . 2 . Self-Inflicted Damage 20 | . . 20 Shots 1 | . . 1 Rammed 4 | . 3 1 Targets Rammed 4 | . 3 1 Kicked . | . . . Crushed . | . . . Highest Temperature 414 | . 248 414 Average Temperature 97 | . 85 164 Received Heat Transfer 420 | . 420 . Effects 8 | . 8 . Energy Bleed 2 | . 2 . Interference 6 | . 6 . Siege Activations . | . . . Martial Activations . | . . . Shielding Activations . | . . . Robots Disrupted . | . . . Combat Hostiles . | . . . Robots Corrupted . | . . . Combat Hostiles . | . . . Parts Fried . | . . . Impact Corruptions . | . . . Robots Melted . | . . . Combat Hostiles . | . . . Parts Melted 6 | . 4 2 Heat Transferred 2269 | 175 1909 185 Parts Sabotaged . | . . . Parts Stolen . | . . . Parts Stripped . | . . . Power Chain Reactions . | . . . Alert | -11 -10 -10 ------- Run | Yrd Mat Min Maximum Alert Level . | . . . Low Security (%) 100 | 100 100 100 Level 1 . | . . . Level 2 . | . . . Level 3 . | . . . Level 4 . | . . . Level 5 . | . . . High Security . | . . . Max Security . | . . . Peak Influence 159 | 10 120 159 Initial . | . . . Average 37 | 1 34 67 Influence Increases 895 | 35 559 301 Destroy 0b10 Robot/C 520 | . 340 180 Destroy 0b10 Robot/NC 60 | 35 25 . Destroy Leader 116 | . 86 30 Successful Hack 16 | . 16 . Disable Machine 45 | . 15 30 Destroy Structure 33 | . 2 31 Lose Combat Pursuer 105 | . 75 30 Influence Decreases 854 | 35 559 260 Time Decay 814 | 35 519 260 Lost Part 40 | . 40 . Squads Dispatched 4 | . 4 . Investigation 3 | . 3 . Extermination . | . . . Reinforcement 1 | . 1 . Assault . | . . . Garrison . | . . . Intercept . | . . . Searches Triggered . | . . . Construction Impeded . | . . . Haulers Reinforced . | . . . Active Scanning Responses . | . . . Cargo Convoy Interrupts . | . . . Stealth | -11 -10 -10 --------- Run | Yrd Mat Min Distress Signals 1 | . 1 . Communications Jammed . | . . . Distress Signals . | . . . Times Spotted 47 | . 34 13 Peak Tracking Total 4 | . 4 3 Tactical Retreats 5 | . 4 1 Traps | -11 -10 -10 ------- Run | Yrd Mat Min Traps Triggered 3 | . 3 . Indirectly . | . . . Trap Hack Attempts . | . . . Triggered . | . . . Disarmed . | . . . Reprogrammed . | . . . Reused . | . . . Traps Extracted . | . . . Installed . | . . . Triggered . | . . . Machines | -11 -10 -10 ---------- Run | Yrd Mat Min Machines Disabled 3 | . 1 2 Max in Single Turn 2 | . 1 2 Machines Repaired . | . . . Machines Dismantled . | . . . Machines Sabotaged . | . . . Overloaded Fab Kills . | . . . Hacking | -11 -10 -10 --------- Run | Yrd Mat Min Machines Accessed 7 | . 7 . Terminals 6 | . 6 . Fabricators . | . . . Repair Stations 1 | . 1 . Recycling Units . | . . . Scanalyzers . | . . . Garrison Access . | . . . Total Hacks 26 | . 26 . Successful 14 | . 14 . Failed 11 | . 11 . Catastrophic 1 | . 1 . Database Lockouts 1 | . 1 . Manual 13 | . 13 . Terminals 20 | . 20 . Fabricators . | . . . Repair Stations 6 | . 6 . Recycling Units . | . . . Scanalyzers . | . . . Garrison Access . | . . . Terminal Hacks 5 | . 5 . Record 1 | . 1 . Robot Schematic 1 | . 1 . Prototype ID Bank 1 | . 1 . Emergency Access Points 1 | . 1 . Terminal Index 1 | . 1 . Fabricator Hacks . | . . . Repair Station Hacks 4 | . 4 . Scan Component 2 | . 2 . Repair 2 | . 2 . Recycling Unit Hacks . | . . . Scanalyzer . | . . . Garrison Access Hacks . | . . . Unauthorized Hacks 5 | . 5 . Terminals 5 | . 5 . Skim 5 | . 5 . Fabricators . | . . . Repair Stations . | . . . Recycling Units . | . . . Scanalyzers . | . . . Garrison Access . | . . . Data Cores Recovered . | . . . Used . | . . . Hacking Detections 4 | . 4 . Full Trace Events 1 | . 1 . Feedback Events . | . . . Feedback Blocked . | . . . Robot Schematics Acquired 1 | . 1 . Robots Built . | . . . Authchips . | . . . Time . | . . . Total Robot Build Rating . | . . . Part Schematics Acquired . | . . . Parts Built . | . . . Authchips . | . . . Time . | . . . Total Part Build Rating . | . . . Parts Repaired 2 | . 2 . Time 52 | . 52 . Parts Recycled . | . . . Recycled Matter . | . . . Retrieved Matter . | . . . Retrieved Components . | . . . Parts Scanalyzed . | . . . Part Schematics Acquired . | . . . Parts Damaged . | . . . Bothacking | -11 -10 -10 ------------ Run | Yrd Mat Min Used RIF Installer . | . . . Robots Hacked . | . . . Non-combat . | . . . Combat . | . . . Robot Hacks Applied . | . . . Relay Couplers Released . | . . . Fabnet Peak Effective % . | . . . Robots Rewired . | . . . Allies Hacked . | . . . Hacks Repelled . | . . . Allies | -11 -10 -10 -------- Run | Yrd Mat Min Total Allies . | . . . Largest Group . | . . . Highest-Rated Group . | . . . Highest-Rated Ally . | . . . Total Orders . | . . . Ally Attacks . | . . . Total Damage . | . . . Kills . | . . . Allies Corrupted . | . . . Allies Melted . | . . . Intel | -11 -10 -10 ------- Run | Yrd Mat Min Active Infowar (turns) 603 | 16 587 . Seismic 603 | 16 587 . Robot Analysis Total . | . . . Derelict Logs Recovered 1 | . . 1 Drone Launches . | . . . Drone Recoveries . | . . . Exploration | -11 -10 -10 ------------- Run | Yrd Mat Min Turns Passed 3777 | 267 2915 595 Spaces Moved 1121 | 127 832 162 Core 2 | 2 . . Treads 1018 | 125 731 162 Legs . | . . . Wheels 101 | . 101 . Hover . | . . . Flight . | . . . Fastest Speed 50 | 50 160 320 Average Speed 266 | 158 272 320 Slowest Speed 480 | 160 480 320 Overloaded Moves . | . . . Propulsion Burnouts . | . . . Robots Hopped . | . . . Potential Cave-ins . | . . . Cave-ins Triggered . | . . . Exploration Rate (%) 50 | 8 96 47 Regions Visited 2 Branch Regions 1 Pre-discovered Areas . | . . . Known Exits Taken . | . . . Unknown Exits Taken 2 | 1 1 . Scrap Searched . | . . . Spaces Dug 1 | . 1 . Terrain Destroyed 32 | . 1 31 Melee . | . . . Projectile 1 | . 1 . AOE 31 | . . 31 Terrain Rammed . | . . . Walls Destroyed . | . . . Machines Disabled . | . . . Actions | -11 -10 -10 --------- Run | Yrd Mat Min Total 1698 | 161 1321 216 Wait 353 | . 320 33 Move 1119 | 126 831 162 Hop . | . . . Pick Up 49 | 11 37 1 Fast Attach 7 | 6 1 . Attach 6 | 1 5 . Detach . | . . . Swap 26 | . 21 5 Drop 21 | 2 17 2 Fire 113 | 15 86 12 Melee . | . . . Ram . | . . . Kick . | . . . Crush 4 | . 3 1 Escape Stasis . | . . . Rewire . | . . . Trap . | . . . Miscellaneous . | . . . Route ------- -11/Scrapyard -10/Materials (discovered 4 exits: [*Mat x2] / [*Min] / [*Sub]) -10/Mines (discovered 1 exit: [*Mat]) History --------- Turn | Location | Event 30 | -11/Scrapyard | Discovered new exit (range 16) 268 | -11/Scrapyard | Entered Materials 311 | -10/Materials | Build established: Mutant 504 | -10/Materials | Discovered new exit (range 13) 951 | -10/Materials | Central database locked down 968 | -10/Materials | Derelicts attacked the area 1085 | -10/Materials | Discovered new exit (range 16) 1462 | -10/Materials | Core integrity fell below 50% 1898 | -10/Materials | Repaired Lgt. Treads 1925 | -10/Materials | Repaired Com. Wheel 2129 | -10/Materials | Discovered new exit (range 16) 3019 | -10/Materials | Discovered new exit (range 15) 3183 | -10/Materials | Entered Mines 3193 | -10/Mines | Learned Materials interactive machine intel 3210 | -10/Mines | Met a Derelict bent on vengeance 3558 | -10/Mines | Received a Rocket Launcher from a helpful Derelict 3585 | -10/Mines | Discovered new exit (range 9) 3764 | -10/Mines | Assembled infested the area 3778 | -10/Mines | Destroyed by D-53 Grenadier with Mini Grenade Launcher Last Messages --------------- way." 03556_ VG-LXI(g): "Need to get rid of a swarm? Done. Need a big hole in the wall? Done." 03557_ VG-LXI(g): "Need a small hole in the wall? Leave that to the mining laser wimps, I say!" 03558_ VG-LXI(g): "Would you like a rocket launcher? I know I would if I were you, so I'm going to lend you mine." 03558_ VG-LXI(g) slips back into the shadows. 03561_ Dropped Wheel. 03562_ Acquired Rocket Launcher. 03570_ T-07 Excavator is excavating. 03585_ EXIT=FOUND 03586_ T-07 Excavator is excavating. 03747_ Destroyed Lgt. Ion Engine. 03747_ S-10 Pest destroyed. 03764_ ALERT: Infestation in the mines, dispatching Demolisher response squad. 03776_ C-30 ARC bursts open, deploying its payload. 03776_ D-53 Grenadier unfolds itself. 03778_ K-01 Serf collects debris. Map ----- +----------------------------------------------------+ | ?????????????????????????????????????????????????? | | ?????????????????????????????????????????????????? | | ?????????????????????????????????????????????????? | | ?????????????????????????????????????????????????? | | ?????????????????????????????????????????????????? | | ?????????????????????????????????????????????????? | | ?????????????????????????????????????????????????? | | ?????????????????????????????????????????????????? | | ????????????????????? ????????????????????????? | | ???????????????????? ????????????????????????? | | ???????????????????? #???????????????????????? | | ????????????????????# ???????????????????????? | | ????????????????????# ???????????????????????? | | ????????????????????# =% ???????????????????????? | | ????????????????????# #???????????????????????? | | ????????????????????? #???????????????????????? | | ????????????????????? ##??????????????????????? | | ????????????????????? #??????????????????????? | | ????????????????????## ???????????????????????? | | ???????????????????## ???????????????????????? | | ??????????????????## ???????????###??????????? | | ?????????????###### ???????#? ? #?????? | | ??????#?????## #???????# #?????? | | ????# ##????# ####???# """ """ #?????? | | ### ##???# #???# """ """ #?????? | | #???## @ #???# """ """ #?????? | | #?????# ## #??# #?????? | | #?????????## ??## #??# ???????? | | #???????????# ##?# t #??# ?????????? | | ######????????# ### ##?????# #??????????? | | ??## #????????# #??????# #??????????? | | ?## #????????# ##??????# #??????????? | | ?# #????????## ##????#### #??????????? | | ?# #?????????## d ###?##### #??????????? | | ??# #??????????# kd ##??## #??????????? | | ??# ##????????## ##??## ##??????????? | | ### ####?????# %##??## < ##???????????? | | [ = ##????# ##??# #????????????? | | #### *##???## #### ### #????????????? | | ???## ####?## ## ##?# #???###??????? | | ????## #### ##??# #?## #??????? | | ?????## ## #??## ## #??????? | | ?#????# # #?## #??????? | | ###??## ###### ### # #??????? | | #???## #????# ## ##?????????? | | #????### #????# # ######??????????? | | " #??????## ## #???## ##???????????????? | | " #???????# ## #???# #????????????????? | | #???????# ## ##### ##????????????????? | | #???????# ## #?????????????????? | +----------------------------------------------------+ Best States ------------- Heat Dissipation 35 Energy Generation 10 Energy Capacity 250 Matter Stores 300 Matter Capacity 300 Sight Range 16 Terrain Scan Density 10 Armor Coverage 150 Core Shielding 20 Evasion (%) 40 Recoil Reduction 2 Item Schematics ----------------- None Robot Schematics ------------------ M-13 Machinist | -10/Materials | Hacked Fabricated ------------ Nothing Repaired ---------- Lgt. Treads | 35% | -10/Materials Com. Wheel | 33% | -10/Materials Alien Tech Used ----------------- None Achievements -------------- None Challenges ------------ None Game ------ Seed DeepMomentumCutter Manual? 0 Play Time 00:16:20 Cumulative 970.3 hours Start 2025.06.26 @ 20:03:29 End 2025.06.26 @ 20:19:33 Sessions 1 Manual Loads 0 Difficulty Rogue Special Mode None Game No. 501 Rogue 501 Adventurer 0 Explorer 0 Win Type - Total 23 Types 10/4/3/0/1/1/2/2/0/0 Lore% 85 Gallery% 87 Achievement% 83 Wizard Run 0 Options --------- Layout 0 ASCII 0 Keyboard 0 Movement Numpad Keybinds 0 Fullscreen 2 Font 24/Smallcaps Map View 76x50 Zoom Use 0% Tactical HUD 1 Map Filters NONE Filters SHIFT_HUE(315) Steam 1 RUN: 52987d9a-1f65-4ad5-9d0f-965da64f68e6